 Dungeon Crawl Stone Soup version 0.27-a0-1193-g8631133539 (webtiles) character file.

Game seed: 1643091224897483678

2 spiderkeys the Skirmisher (level 1, -1/28 HPs)
             Began as a Demonspawn Wanderer on May 26, 2021.
             Succumbed to a goblin's poison
             ... on level 1 of the Dungeon.
             The game lasted 00:01:05 (42 turns).

spiderkeys the Skirmisher (Demonspawn Wanderer)       Turns: 42, Time: 00:01:05

Health: -1/28      AC: 20    Str: 11    XL:     1   Next: 25%
Magic:  1/1        EV:  2    Int: 12    God:
Gold:   6          SH:  0    Dex: 14    Spells: 0/0 levels left

rFire    . . .     SeeInvis .   a - +0 spear
rCold    . . .     Faith    .   (no shield)
rNeg     + + +     Spirit   .   (armour currently unavailable)
rPois    +         Reflect  .   (helmet currently unavailable)
rElec    .         Harm     .   (cloak currently unavailable)
rCorr    .         Rampage  .   (gloves currently unavailable)
Will     .....     NoTele   +   (boots currently unavailable)
Stlth    +.........             (no amulet)
HPRegen  0.09/turn              (no ring)
MPRegen  0.07/turn              (no ring)

@: lethally poisoned (-1 -> -17), tree-form
A: stationary, stasis, torment immunity, boosted hp
a: no special abilities


You were on level 1 of the Dungeon.
You were a tree.
You visited 1 branch of the dungeon, and saw 1 of its levels.

You collected 6 gold pieces.


   Skills:
 + Level 4.0 Fighting
 + Level 1.0 Short Blades
 - Level 1.0 Staves
 + Level 0.1 Armour
 + Level 1.8 Dodging
 + Level 2.0 Evocations


You couldn't memorise any spells.
You didn't know any spells.
Your spell library was empty.

Inventory:

Hand Weapons
 a - a +0 spear (weapon)
Missiles
 e - 13 stones
Armour
 d - a +0 robe (melded)
Miscellaneous
 b - a phantom mirror (quivered)

Dungeon Overview and Level Annotations

Branches:
Dungeon (1/15)

Altars:

#.....'# .......##
........## .........##
..........#
..........####
...<....)....#
..........##.########.##
..........+.....♣g......
.........##.............
........#####...........
.......## #...........
#.....## #...........
####### ############


You could see a goblin.


Message History

🤖 Initializing magus.rc ...
Options error: Delay interrupt name "hungry" not recognised. (~/.crawlrc:4988) ✅ Successfully initialized magus.rc [v1.9.10] Welcome, spiderkeys the Demonspawn Wanderer.
Will you prevail where others failed? Will you find the Orb of Zot?
Press ? for a list of commands and other information.
Found a flail, 6 gold pieces and 13 stones.
Found a staircase leading out of the dungeon.
You begin with the following items: a +0 spear, a phantom mirror, a potion of lignification {!q}, a +0 robe.
A goblin comes into view. It is wielding a +0 dagger.
You reach to attack!
You closely miss the goblin. You hit the goblin.
You kill the goblin!
No target in view!
No target in view!
No target in view!
Unknown command.
Things that are here:
a +0 dagger; a goblin corpse You now have 6 gold pieces.
e - 13 stones You open the door.
A goblin comes into view. It is wielding a +2 dagger of venom.
A kobold comes into view. It is wielding a +0 short sword.
The kobold shouts!
You reach to attack!
The goblin shouts!
You hit the kobold. You hit the kobold but do no damage.
The kobold closely misses you.
You hit the kobold.
You kill the kobold!
You reach to attack!
You closely miss the goblin. You closely miss the goblin.
The goblin hits you with a +2 dagger of venom.
You are poisoned. 😕 HP[-3]
You take 3 damage, and now have 16/19 hp.
You closely miss the goblin.
You feel very sick. The goblin barely misses you. 😮 HP[-4]
You take 4 damage, and now have 12/19 hp.
MASSIVE DAMAGE!! (PAUSE)
You barely miss the goblin.
You feel sick.
The goblin hits you with a +2 dagger of venom.
* * * LOW HITPOINT WARNING * * *
You are more poisoned. 😨 HP[-5]
You take 5 damage, and now have 7/19 hp.
MASSIVE DAMAGE!! (PAUSE)
You barely miss the goblin.
* * * LOW HITPOINT WARNING * * *
You feel very sick. The goblin closely misses you. 😱 HP[-5]
You take 5 damage, and now have 2/19 hp.
MASSIVE DAMAGE!! (PAUSE) Really quaff
c - a potion of lignification {!q}? [Y]es or [N]o only, please.
Really quaff
c - a potion of lignification {!q}? [Y]es or [N]o only, please.
Really quaff
c - a potion of lignification {!q}? [Y]es or [N]o only, please.
Really quaff
c - a potion of lignification {!q}?
Really quaff the potion of lignification?
You turn into a tree.
Your +0 robe melds into your body.
Your roots penetrate the ground.
You die...

Action                   || total
-------------------------++-------
Melee: Spear             ||    10
  Use: Potion            ||     1
Dodge: Dodged            ||     3

Levels and vault maps discovered:
D:1:      lemuel_arrival_rhombus, layout_basic, chequers_ecumenical_altar_simple

Notes
Turn   | Place    | Note
-------+----------+-------------------------------------------
     0 | D:1      | spiderkeys the Demonspawn Wanderer began the quest for the
                  | Orb.
     0 | D:1      | spiderkeys set off with the following items: a +0 spear, a
                  | phantom mirror, a potion of lignification {!q}, a +0 robe
     0 | D:1      | Reached XP level 1. HP: 19/19 MP: 1/1
     0 | D:1      | magus.rc [v1.9.10]
    41 | D:1      | HP: 2/19 [poisoned by a goblin]
    42 | D:1      | Succumbed to a goblin's poison

Vanquished Creatures
  A goblin (D:1)
  A kobold (D:1)
2 creatures vanquished.

Table legend:
 A = Non-vault XP
 B = Vault XP
 C = Vault XP percentage of total XP
 D = Non-vault monster count
 E = Vault monster count
 F = Vault count percentage of total count
                 A         B        C        D         E       F
            +---------+---------+-------+---------+---------+-------
      Total |       3 |       0 |   0.0 |       2 |       0 |   0.0
            +---------+---------+-------+---------+---------+-------
        D:1 |       3 |       0 |   0.0 |       2 |       0 |   0.0
            +---------+---------+-------+---------+---------+-------

Illustrated notes

Table legend:
 A = Kills in this place as a percentage of kills in entire the game.
 B = Kills by you in this place as a percentage of kills by you in the entire game.
 C = Kills by friends in this place as a percentage of kills by friends in the entire game.
 D = Other kills in this place as a percentage of other kills in the entire game.
 E = Experience gained in this place as a percentage of experience gained in the entire game.
 F = Experience gained in this place divided by the number of levels of this place that you have seen.
                   A       B       C       D       E      F
               +-------+-------+-------+-------+-------+----------------------
         Total | 100.0 | 100.0 |   N/A |   N/A | 100.0 |   3.0
       Dungeon | 100.0 | 100.0 |   N/A |   N/A | 100.0 |   3.0
               +-------+-------+-------+-------+-------+----------------------

Table legend: (Time is in decaauts)
 A = Elapsed time spent in this place.
 B = Non-inter-level travel time spent in this place.
 C = Inter-level travel time spent in this place.
 D = Time resting spent in this place.
 E = Time spent auto-exploring this place.
 F = Levels seen in this place.
 G = Mean time per level.
                   A        B        C        D        E       F      G
               +--------+--------+--------+--------+--------+-----+--------+
         Total |     42 |     42 |      0 |      0 |     23 |   1 |   42.0 |
       Dungeon |     42 |     42 |      0 |      0 |     23 |   1 |   42.0 |
               +--------+--------+--------+--------+--------+-----+--------+

Top non-repeatable levels by time:
     D:1: 42 daAuts
